 Dungeon Crawl Stone Soup version 0.25-a0-496-g8c4878d (webtiles) character file.

Game seed: 7050756118045703549, levelgen mode: deterministic

52 DrEnzyme the Skirmisher (level 3, 0/24 HPs)
             Began as a Tengu Wanderer on Feb 11, 2020.
             Slain by an adder (4 damage)
             ... on level 2 of the Dungeon.
             The game lasted 00:03:19 (1951 turns).

DrEnzyme the Skirmisher (Tengu Wanderer)            Turns: 1951, Time: 00:03:19

Health: 0/24       AC:  2    Str: 12    XL:     3   Next: 85%
Magic:  14/14      EV: 11    Int: 14    God:
Gold:   54         SH:  0    Dex: 12    Spells: 3/4 levels left

rFire    . . .     SeeInvis .   a - +2 hand axe
rCold    . . .     Gourm    .   (no shield)
rNeg     . . .     Faith    .   d - +0 robe
rPois    .         Spirit   .   (helmet restricted)
rElec    .         Reflect  .   (no cloak)
rCorr    .         Harm     .   (no gloves)
MR       .....                  (boots unavailable)
Stlth    ++........             (no amulet)
HPRegen  0.08/turn              h - ring of magical power
MPRegen  0.14/turn              (no ring)

@: lethally poisoned (0 -> -4)
A: beak, talons 3
a: no special abilities


You were on level 2 of the Dungeon.
You were not hungry.

You visited 1 branch of the dungeon, and saw 2 of its levels.

You collected 54 gold pieces.

Inventory:

Hand Weapons
 a - a +2 hand axe (weapon)
Armour
 d - a +0 robe (worn)
Jewellery
 h - a ring of magical power (left hand)
Wands
 c - a wand of random effects (15)
Scrolls
 b - a scroll of magic mapping
 j - a scroll of remove curse {unknown}
 k - a scroll of amnesia {unknown}
Potions
 g - a potion of magic
Comestibles
 f - 4 rations


   Skills:
 + Level 4.0 Fighting
 + Level 1.5 Axes
 + Level 1.3 Armour
 + Level 0.5 Dodging
 + Level 1.9 Stealth
 + Level 1.0 Spellcasting
   Level 1.0 Charms
   Level 1.1 Necromancy
 + Level 1.0 Evocations


You had 3 spell levels left.
You knew the following spells:

 Your Spells              Type           Power        Failure   Level  Hunger
a - Summon Butterflies    Summ           #.......     26%         1    ##.....

Your spell library contained the following spells:

 Spells                   Type           Power        Failure   Level  Hunger
 Call Canine Familiar     Summ           #.......     61%         3    ####...


Dungeon Overview and Level Annotations

Branches:
Dungeon (2/15)

Altars:


Innate Abilities, Weirdness & Mutations

You have a beak for a mouth.
You have claws for feet.


Message History

* * * LOW HITPOINT WARNING * * *
You hit the adder.
The adder is heavily wounded.
You hit the giant cockroach but do no damage.
* * * LOW HITPOINT WARNING * * *
You feel sick. The adder barely misses you. The giant cockroach bites you.
* * * LOW HITPOINT WARNING * * *
The adder closely misses you.
You hit the adder.
The adder is almost dead.
You closely miss the giant cockroach. The giant cockroach barely misses you.
The adder barely misses you.
The giant cockroach bites you but does no damage.
The adder barely misses you.
You hit the adder but do no damage. Your kick misses the adder.
The adder is almost dead.
You barely miss the giant cockroach.
* * * LOW HITPOINT WARNING * * *
You feel sick. The giant cockroach closely misses you. The adder bites you.
You die...

#### . ..# ..
....####.# ..
#....S..<# .#
......##l##.# .
#.###. #.##.# .. #.
#.##.# ...
###.##.##s#####..
#.#....†..@S......
#.......†....#.###.#
##>#..............#
#.<......#.#####
#.......<..#
#.##.##..### ...
#.##..# #.## #.##..#
#. #.##..#


You could see an adder and a giant cockroach.

Vanquished Creatures
  An adder (D:1)
  2 dart slugs (D:1)
  3 leopard geckos
  A ball python (D:1)
  3 giant cockroaches
  2 goblins (D:1)
  5 hobgoblins (D:1)
  6 jackals
  A kobold (D:1)
  A quokka (D:1)
  2 bats (D:1)
  3 frilled lizards
  A rat (D:1)
31 creatures vanquished.

Notes
Turn   | Place    | Note
-------+----------+-------------------------------------------
     0 | D:1      | DrEnzyme the Tengu Wanderer began the quest for the Orb.
     0 | D:1      | DrEnzyme set off with the following items: a +2 hand axe, a
                  | wand of random effects (15), a +0 robe, a ration; and the
                  | following spell memorised: Summon Butterflies; and the
                  | following spells available to memorise: Call Canine
                  | Familiar
     0 | D:1      | Reached XP level 1. HP: 14/14 MP: 3/3
    62 | D:1      | Reached XP level 2. HP: 15/19 MP: 4/4
    99 | D:1      | HP: 1/20 [hobgoblin/cursed -2 hand axe (8)]
   880 | D:1      | Reached XP level 3. HP: 20/24 MP: 5/5
  1281 | D:1      | HP: 1/36 [poisoned by an adder]
  1725 | D:1      | Reached skill level 4 in Fighting
  1951 | D:2      | Slain by an adder

Levels and vault maps discovered:
D:1:      shiori_arrival_maze, layout_loops_ring
D:2:      layout_loops_ring, cheibriados_altar_1, uniq_crazy_yiuf_cottage

Skill      XL: |  1  2  3 |
---------------+----------+-----
Fighting       | 4 |  4.0
Axes           | |  1.5
Armour         | |  1.3
Dodging        | |  0.5
Stealth        | |  1.9
Spellcasting   | |  1.0
Charms         | |  1.0
Necromancy     | |  1.1
Evocations     | |  1.0

Action                   || total
-------------------------++-------
Melee: Hand axe          ||    88
       Kick              ||    12
       Peck              ||    10
  Use: Scroll            ||     2
       Potion            ||     1
 Stab: Sleeping          ||     5
  Eat: Ration            ||     1
Armor: Robe              ||    19
       Skin              ||     3
Dodge: Dodged            ||    79

Table legend:
 A = Non-vault XP
 B = Vault XP
 C = Vault XP percentage of total XP
 D = Non-vault monster count
 E = Vault monster count
 F = Vault count percentage of total count
                 A         B        C        D         E       F
            +---------+---------+-------+---------+---------+-------
      Total |      73 |       2 |   2.7 |      29 |       2 |   6.5
            +---------+---------+-------+---------+---------+-------
        D:1 |      61 |       2 |   3.2 |      23 |       2 |   8.0
        D:2 |      12 |       0 |   0.0 |       6 |       0 |   0.0
            +---------+---------+-------+---------+---------+-------
